 Dungeon Crawl Stone Soup version 0.19-a0-379-ge33ada3 (webtiles) character file.

55 Arkorax the Skirmisher (level 3, 20/30 HPs)
             Began as a Demonspawn Wanderer on May 30, 2016.
             Was a Follower of Yredelemnul.
             Quit the game on level 2 of the Dungeon.
             The game lasted 00:01:37 (1184 turns).

Arkorax the Skirmisher (Demonspawn Wanderer)        Turns: 1184, Time: 00:01:37

Health: 20/30      AC: 10    Str: 14    XL:     3   Next: 67%
Magic:  3/3        EV:  9    Int: 13    God:    Yredelemnul [*.....]
Gold:   64         SH:  0    Dex: 11    Spells: 0 memorised, 2 levels left

rFire  . . .     SeeInvis .     b - +0 hand axe
rCold  . . .     Gourm    .     a - +2 scale mail
rNeg   . . .     Faith    .     (no shield)
rPois  .         Spirit   .     n - +0 helmet
rElec  .         Dismiss  .     (no cloak)
rCorr  .         Reflect  .     (no gloves)
SustAt .         Harm     .     (no boots)
MR     .....                    (no amulet)
Stlth  ..........               (no ring)
                                (no ring)

@: mildly poisoned (20 -> 15), not resistant to hostile enchantments, extremely
unstealthy
A: molten scales 1
a: Animate Remains, Renounce Religion


You were on level 2 of the Dungeon.
You worshipped Yredelemnul.
Yredelemnul was aware of your devotion.
You were not hungry.

You visited 1 branch of the dungeon, and saw 2 of its levels.

You collected 64 gold pieces.

Inventory:

Hand Weapons
 b - a +0 hand axe (weapon)
 c - a +0 mace
Missiles
 p - 2 throwing nets (quivered)
Armour
 a - a +2 scale mail (worn)
 n - a +0 helmet (worn)
Jewellery
 j - an uncursed amulet of harm {unknown}
Scrolls
 e - 3 scrolls of teleportation {unknown}
 f - a scroll of blinking {unknown}
 g - a scroll of magic mapping {unknown}
 h - a scroll of enchant armour {unknown}
 k - a scroll of remove curse {unknown}
 l - a scroll of noise {unknown}
Potions
 m - a potion of curing {unknown}
 o - a potion of resistance {unknown}
Comestibles
 i - a royal jelly


   Skills:
 * Level 3.9 Fighting
 * Level 3.2 Maces & Flails
 - Level 1.0 Throwing
 + Level 2.3 Armour
 - Level 1.0 Stealth


You had 2 spell levels left.
You didn't know any spells.

Dungeon Overview and Level Annotations

Branches:
Dungeon (2/15)

Altars:
Yredelemnul


Innate Abilities, Weirdness & Mutations

You are partially covered in molten scales. (AC +1)


Message History

You feel sick.
No target in view!
No target in view!
No target in view!
No target in view!
No target in view!
No target in view!
No target in view!
No target in view!
No target in view!
No target in view!
No target in view!
No target in view!
No target in view!
No target in view!
No target in view!
No target in view!
No target in view!
No target in view!
Are you sure you want to abandon this character and quit the game? (Confirm with "yes".)

####### #.....# #.....# ##
#.....# .. ..... .# ... ##.# ...#
#†# ... #.. ...###@# ... #.#
#....#.##### ... ###.#
#..........# #.# #.<.#
#......###.### #.# #...#
#...####.....# #.# #.#.#####...#
#.###.###.# ###.#.......#.####.#
#.....######
......#.......>..#.###.####......
###...........##.#.....# #.#####


There were no monsters in sight!

Vanquished Creatures
  2 adders (D:2)
  A dart slug (D:2)
  A giant gecko (D:2)
  2 giant cockroaches (D:1)
  2 goblins (D:1)
  6 hobgoblins
  2 jackals (D:1)
  4 kobolds (D:1)
  2 quokkas (D:2)
  4 bats
  3 giant newts (D:1)
  3 rats (D:1)
32 creatures vanquished.

Notes
Turn   | Place    | Note
--------------------------------------------------------------
     0 | D:1      | Arkorax the Demonspawn Wanderer began the quest for the Orb.
     0 | D:1      | Arkorax set off with: a +2 scale mail, a +0 hand axe, a +0 mace, a bread ration
     0 | D:1      | Reached XP level 1. HP: 18/18 MP: 1/1
   177 | D:1      | Gained mutation: You are partially covered in molten scales. (AC +1) [demonic ancestry]
   177 | D:1      | Reached XP level 2. HP: 22/24 MP: 2/2
   848 | D:2      | Reached XP level 3. HP: 22/29 MP: 3/3
   967 | D:2      | Found a faded altar to an unknown god.
  1025 | D:2      | Became a worshipper of Yredelemnul the Dark
  1025 | D:2      | Reached * piety under Yredelemnul
  1184 | D:2      | Quit the game

Vault maps used:
D:1:      tarquinn_simple_flora_water_d
D:2:      marbit_many_paths, ecumenical_altar_2

Skill      XL: |  1  2 |
---------------+-------+-----
Armour         | 2 |  2.3
Maces & Flails | 3 |  3.2
Fighting       | |  3.9
Throwing       | |  1.0
Stealth        | |  1.0

Action                   || total
-------------------------++-------
Melee: Hand axe          ||   138
  Eat: Bread ration      ||     1
Armor: Scale mail        ||    90
Dodge: Dodged            ||    63
